 Dungeon Crawl Stone Soup version 0.16.0-11-gd45b091 (console) character file.

33 gw the Chucker (level 3, 0/29 HPs)
             Began as a Demigod Wanderer on Mar 18, 2015.
             Slain by a kobold
             ... wielding a +0 short sword
              (1 damage)
             ... on level 2 of the Dungeon.
             The game lasted 00:00:49 (1373 turns).

gw the Chucker (Demigod Wanderer)                   Turns: 1373, Time: 00:00:49

Health: 0/29       AC:  8    Str: 11    XL:     3   Next: 0%
Magic:  6/6        EV:  4    Int: 16    God:
Gold:   37         SH:  0    Dex: 21    Spells: 0 memorised, 4 levels left

rFire  . . .     SeeInvis .     a - +0 dagger
rCold  + . .     Clarity  .     e - +0 chain mail
rNeg   . . .     SustAb   +     (no shield)
rPois  .         Gourm    .     (no helmet)
rElec  .         Spirit   .     (no cloak)
rCorr  .         Warding  .     (no gloves)
rMut   .         Stasis   .     (no boots)
MR     .....                    (no amulet)
Stlth  ..........               h - ring of protection from cold
                                (no ring)

@: not resistant to hostile enchantments, extremely unstealthy
A: sustain abilities
a: no special abilities


You were on level 2 of the Dungeon.
You were not hungry.

You visited 1 branch of the dungeon, and saw 2 of its levels.

You collected 37 gold pieces.

Inventory:

Hand weapons
 a - a +0 dagger (weapon)
 b - a +2 blowgun
Armour
 e - a +0 chain mail (worn)
Jewellery
 h - a ring of protection from cold (right hand)
Scrolls
 d - a scroll of teleportation
Books
 c - the Compendium of Necromancy

   Spells                             Type                      Level
   a - Pain                           Necromancy                   1
   b - Regeneration                   Charms/Necromancy            3
Comestibles
 f - 3 bread rations
 i - a meat ration
 l - a slice of pizza


   Skills:
 + Level 2.0 Fighting
 * Level 1.3 Short Blades
 + Level 2.2 Throwing
 + Level 0.5 Armour
 + Level 1.3 Unarmed Combat
 - Level 1.0 Spellcasting
   Level 1.7 Transmutations
   Level 1.7 Air Magic


You had 4 spell levels left.
You didn't know any spells.

Dungeon Overview and Level Annotations

Branches:
Dungeon (2/15)


Innate Abilities, Weirdness & Mutations

Your attributes are resistant to harm.


Message History

The giant newt bites you. The kobold hits you but does no damage.
The worm bites you.
Unknown command.
Unknown command.
Unknown command.
Unknown command.
ATTACK MOVE TO (1,-1)
Your chain mail prevents you from hitting the worm.
The worm is moderately wounded.
The giant newt bites you. The kobold hits you but does no damage.
Unknown command.
Unknown command.
Unknown command.
Unknown command.
ATTACK MOVE TO (1,-1)
You hit the worm but do no damage.
The worm is moderately wounded.
The giant newt bites you but does no damage.
The kobold hits you with a short sword.
You die...

.# #.. .# #..... .#
#...... .#####. #.......
.......( #........
........ #### #........
......# ##...# #........
......###.....##)w.......
......#.......##pl.......
......#.#........K.......
#+#####.#.....(#........
#######<#......#........
........>....<.#........
########.......########
.#......<#####.#
.#.##..........#
.#.###.#....######


You could see a worm, a kobold and a giant newt.

Table legend:
 A = Turns spent in this place as a percentage of turns spent in the entire game.
 B = Non-inter-level travel turns spent in this place as a percentage of non-inter-level travel turns spent in the entire game.
 C = Inter-level travel turns spent in this place as a percentage of turns spent in this place.
 D = Turns resting spent in this place as a percentage of non-inter-level travel turns spent in this place.
 E = Turns spent auto-exploring this place as a percentage of non-inter-level travel turns spent in this place.
 F = Non-inter-level travel turns spent in this place divided by the number of levels of this place that you've seen.
                   A       B       C       D       E      F
               +-------+-------+-------+-------+-------+----------------------
         Total | 100.0 | 100.0 |   0.2 |   0.6 |   3.1 | 786.5
       Dungeon | 100.0 | 100.0 |   0.2 |   0.6 |   3.1 | 786.5
               +-------+-------+-------+-------+-------+----------------------

Table legend:
 A = Kills in this place as a percentage of kills in entire the game.
 B = Kills by you in this place as a percentage of kills by you in the entire game.
 C = Kills by friends in this place as a percentage of kills by friends in the entire game.
 D = Other kills in this place as a percentage of other kills in the entire game.
 E = Experience gained in this place as a percentage of experience gained in the entire game.
 F = Experience gained in this place divided by the number of levels of this place that you have seen.
                   A       B       C       D       E      F
               +-------+-------+-------+-------+-------+----------------------
         Total | 100.0 | 100.0 |  -nan |  -nan | 100.0 |  24.0
       Dungeon | 100.0 | 100.0 |  -nan |  -nan | 100.0 |  24.0
               +-------+-------+-------+-------+-------+----------------------

Vanquished Creatures
  An adder (D:2)
  A giant gecko (D:1)
  A giant cockroach (D:2)
  5 hobgoblins
  7 goblins
  5 kobolds
  3 rats (D:1)
23 creatures vanquished.

Notes
Turn   | Place    | Note
--------------------------------------------------------------
     0 | D:1      | gw, the Demigod Wanderer, began the quest for the Orb.
     0 | D:1      | gw set off with: 2 curare-tipped needles, a +2 blowgun, the Compendium of Necromancy, a scroll of teleportation, a +0 robe, a bread ration
     0 | D:1      | Reached XP level 1. HP: 17/17 MP: 3/3
   278 | D:1      | Reached skill level 2 in Throwing
   356 | D:1      | Reached XP level 2. HP: 16/24 MP: 4/4
   753 | D:1      | Reached skill level 1 in Short Blades
  1363 | D:2      | Reached XP level 3. HP: 15/29 MP: 6/6
  1372 | D:2      | HP: 1/29 [giant newt (1)]
  1373 | D:2      | Slain by a kobold

Action                   || total
-------------------------++-------
Melee: Dagger            ||    43
 Fire: Blowgun           ||    19
  Use: Potion            ||     3
       Scroll            ||     2
 Stab: Sleeping          ||     4
  Eat: Chunk             ||     1

Vault maps used:
D:1:      dpeg_arrival_radiant, serial_forest, infiniplex_forest_straight_3,
          infiniplex_forest_clump_cross, infiniplex_forest_straight_4,
          infiniplex_forest_end_2, infiniplex_forest_clump_C,
          infiniplex_forest_lined_room_3, infiniplex_forest_lined_2
D:2:      grunt_temple_overflow_gold_and_silver
